 Dungeon Crawl Stone Soup version 0.29-a0-824-gd827844252 (webtiles) character file.

Game seed: 7011147555488997659

285 Lekart the Chopper (level 6, -6/52 HPs)
             Began as a Draconian Fighter on July 10, 2022.
             Killed from afar by a steam dragon (14 damage)
             ... with a ball of steam
             ... on level 5 of the Dungeon.
             The game lasted 00:03:29 (4588 turns).

Lekart the Chopper (Draconian Fighter)              Turns: 4588, Time: 00:03:29

Health: -6/52      AC:  7    Str: 18    XL:     6   Next: 7%
Magic:  6/6        EV: 11    Int:  8    God:
Gold:   119        SH:  9    Dex: 13    Spells: 5/5 levels left

rFire   . . .      SeeInvis .   a - +0 war axe
rCold   . . .      Faith    .   g - +0 kite shield
rNeg    . . .      Spirit   .   (body armour unavailable)
rPois   .          Reflect  .   (helmet restricted)
rElec   .          Harm     .   (no cloak)
rCorr   .          Rampage  .   (no gloves)
Will    .....      Clarity  +   (no boots)
Stlth   +.........              (no amulet)
HPRegen 0.17/turn               (no ring)
MPRegen 0.10/turn               (no ring)

@: no status effects
A: AC +6, unfitting armour, cold-blooded, antennae 1, clarity, shaggy fur 1
a: no special abilities


You were on level 5 of the Dungeon.
You visited 1 branch of the dungeon, and saw 5 of its levels.

You collected 119 gold pieces.

Inventory:

Hand Weapons
 a - a +0 war axe (weapon)
Armour
 g - a +0 kite shield (worn)
Jewellery
 f - a +6 ring of intelligence
 h - a ring of resist corrosion
Scrolls
 c - a scroll of teleportation {unknown}
 d - a scroll of identify
 k - a scroll of fear {unknown}
 l - a scroll of magic mapping {unknown}
Potions
 b - a potion of brilliance
 e - a potion of heal wounds
 i - 4 potions of curing
 j - 2 potions of attraction {unknown}
 m - a potion of berserk rage {unknown}


   Skills:
 + Level 4.1 Fighting
 + Level 4.7 Axes
 + Level 3.7 Dodging
 + Level 3.7 Shields


You had 5 spell levels left.
You didn't know any spells.
Your spell library contained the following spells:

 Spells                   Type           Power      Damage    Failure   Level
 Dazzling Flash           Conj/Hex       0%         N/A       98%         3
 Iskenderun's Mystic Bla  Conj/Tloc      0%         2d3       100%        4
 Starburst                Conj/Fire      0%         6d3       100%        6


Dungeon Overview and Level Annotations

Branches:
Dungeon (5/15)
 Temple: D:4-7

Altars:


Innate Abilities, Weirdness & Mutations

Your plain brown scales are hard. (AC +6)
You cannot fit into any form of body armour.
You are cold-blooded and may be slowed by cold attacks.
You have a pair of small antennae on your head.
You possess an exceptional clarity of mind.
You are covered in fur. (AC +1)


Message History

There is an open door here.
You open the door.
There is an open door here.
You open the door.
There is an open door here.
There is an open door here.
You open the door.
A steam dragon comes into view.
There is an open door here.
Found a scroll labelled GEOTUU JEADIC.
The steam dragon breathes steam at you. The ball of steam hits you!!
You hear a bark!
You're standing in a cloud of steam!
A steam dragon is nearby!
The steam dragon bites you! The steam dragon claws you.
A steam dragon is nearby!
You are too injured to fight recklessly!
You are too injured to fight recklessly!
You are too injured to fight recklessly!
You hit the steam dragon.
The steam dragon is lightly wounded.
A hound comes into view.
The steam dragon bites you but does no damage.
The steam dragon claws you.
You closely miss the steam dragon.
The steam dragon is lightly wounded.
The steam dragon bites you but does no damage.
The steam dragon barely misses you. x2
The steam dragon claws you but does no damage.
The hound stops to sniff the ground.
You barely miss the steam dragon.
The steam dragon is lightly wounded.
The steam dragon breathes steam at you. The ball of steam hits you!
* * * LOW HITPOINT WARNING * * *
The hound attacks as you move away! The hound closely misses you.
The steam dragon breathes steam at you. The ball of steam hits you!
You die...

#...###+#.####.....#
..........#..#.....#
.........#...#.....#
.........'...#.....#
#...##...#...'.....#
#...##+####..#....§#
#...##..###..#..h§.#
#........#...#..§..#
#........#...#.D@..#
#.......##...#.....#
#.......##...#.....#
#............#.....#
#...##.......#..?..#
#...##..##'###.....#
'....#..##...#.....#
#....#...'...#.....#
#...##..##...#


You could see a steam dragon (catching breath) and a hound.

Vanquished Creatures
  An orc priest (D:5)
  A hound (D:5)
  An iguana (D:3)
  3 orc wizards (D:5)
  2 adders
  A white imp (D:5)
  2 worms
  2 dart slugs
  9 orcs
  5 ball pythons
  7 endoplasms
  4 giant cockroaches
  9 goblins
  8 hobgoblins
  10 jackals
  5 quokkas
  5 bats
  5 frilled lizards
  9 kobolds
  4 rats
93 creatures vanquished.

Notes
Turn   | Place    | Note
-------+----------+-------------------------------------------
     0 | D:1      | Lekart the Draconian Fighter began the quest for the Orb.
     0 | D:1      | Reached XP level 1. HP: 19/19 MP: 1/1
   162 | D:1      | Reached XP level 2. HP: 26/26 MP: 2/2
   869 | D:1      | Reached XP level 3. HP: 31/33 MP: 3/3
  2098 | D:2      | Gained mutation: You have a pair of small antennae on your
                  | head. [potion of mutation]
  2098 | D:2      | Gained mutation: You possess an exceptional clarity of
                  | mind. [potion of mutation]
  2098 | D:2      | Gained mutation: You are covered in fur. (AC +1) [potion of
                  | mutation]
  2240 | D:3      | Reached XP level 4. HP: 38/40 MP: 4/4
  2808 | D:3      | Found a faded altar of an unknown god.
  3316 | D:3      | Identified the +1 leather armour "Ozebufu" {+Blink}
  3344 | D:3      | Reached XP level 5. HP: 17/46 MP: 5/5
  3935 | D:4      | You fall into a shaft and drop 1 floor!
  3935 | D:5      | Entered Level 5 of the Dungeon
  4518 | D:5      | Reached XP level 6. HP: 52/52 MP: 6/6
  4581 | D:5      | Noticed a steam dragon
  4588 | D:5      | Killed from afar by a steam dragon

Illustrated notes

Levels and vault maps discovered:
D:1:      minmay_arrival_arboretum_small, layout_loops_ring
D:2:      layout_basic
D:3:      minmay_bubble_buster, layout_basic, basic_ecumenical_altar,
          roderic_lattice_a, kennysheep_nub, grunt_ministairs_7
D:4:      layout_basic
D:5:      layout_gridville, minmay_temple_entry_fiery

Skill      XL: |  1  2  3  4  5 |
---------------+----------------+-----
Dodging        | 3 |  3.7
Axes           | 3 4 |  4.7
Fighting       | 4 |  4.1
Shields        | |  3.7

Action                   |  1- 3 |  4- 6 || total
-------------------------+-------+-------++-------
Melee: War axe           |   122 |   120 ||   242
       Tailslap          |     8 |     7 ||    15
  Use: Scroll            |     6 |     2 ||     8
       Potion            |     1 |     2 ||     3
 Stab: Sleeping          |     2 |     4 ||     6
Armor: Skin              |    37 |    50 ||    87
Dodge: Dodged            |    79 |    55 ||   134
Block: Buckler           |    31 |    14 ||    45
       Kite shield       |       |    26 ||    26

Table legend: (Time is in decaauts)
 A = Elapsed time spent in this place.
 B = Non-inter-level travel time spent in this place.
 C = Inter-level travel time spent in this place.
 D = Time resting spent in this place.
 E = Time spent auto-exploring this place.
 F = Levels seen in this place.
 G = Mean time per level.
                   A        B        C        D        E       F      G
               +--------+--------+--------+--------+--------+-----+--------+
         Total |   4694 |   4630 |     64 |    158 |   3818 |   5 |  938.8 |
       Dungeon |   4694 |   4630 |     64 |    158 |   3818 |   5 |  938.8 |
               +--------+--------+--------+--------+--------+-----+--------+

Top non-repeatable levels by time:
     D:3: 1397 daAuts
     D:1: 1221 daAuts
     D:2: 1067 daAuts
     D:5: 671 daAuts
     D:4: 336 daAuts
